Match 45143911
Unlisted

Match 45143911
End
Kradschützen Motorcycle Team
Panzergrenadier Squad
Panzergrenadier Squad
250 Light Carrier
Construct Light Support Kompanie
MG34 Team
Assault Mechanized Group
Fire Support Elements
2.5-tonne Medical Truck
Flakvierling Half-track
Flakvierling Half-track
Selects Armored Support Battlegroup
Selects Veteran Gunners
Vehicle Survival Package
Panzerjäger Mechanized Group
Combat Half-tracks
Construct Panzerarmee Kommand
Selects Flammpanzer III Medium Tank
Flammpanzer III Medium Tank
Selects Command Panzer IV F Medium Tank
XuZhongwei
Xfire
andrewxu76
D0minatedX
Techpriester
Mocha
I7arK_HeRo
给老子炸
0
0

Comments sign in to comment!

No comments posted yet!